[Event "Early-Titled-Tuesday-Blitz-May-28-2024"]
[Site "Chess.com"]
[Date "2024.05.28"]
[Round "10"]
[White "ilqar_74"]
[Black "Nf3c5"]
[Result "1-0"]
[WhiteElo "2759"]
[BlackElo "2567"]
[TimeControl "180+1"]
[EndTime "9:57:47 PDT"]
[Termination "ilqar_74 won by checkmate"]

1. e4 c5 2. Nf3 Nc6 3. d4 cxd4 4.
Nxd4 e5 5. Nb5 d6 6. c4 Be7 7.
N1c3 a6 8. Na3 f5 9. Nd5 f4 10. Be2 Nf6 11. Nxe7 Qxe7 12. f3 Nd4 13. Nc2 Nxc2+ 14.
Qxc2 Be6 15. b3 Rc8 16. Qd1 Nd7 17. O-O O-O 18. Ba3 Nc5 19. Qd2 Rfd8 20. Rad1 b6 21. Qb4 Qc7 22. Rd2 g5 23. Rfd1 h5 24.
Bb2 g4 25. Rc2 g3 26. h3 a5 27. Qd2 Qe7 28. Qe1 Qh4 29. Bf1 Kf7 30. Rcd2 Ke7 31. Bc3 Qg5 32. Rb1 Ra8 33. Ba1 Rg8 34. a3 a4 35. b4 Nb3 36. Rdd1 Rgc8 37. c5 bxc5 38. bxc5 Rxc5 39. Qb4 Ra7 40. Rxd6 Kxd6 41. Qb6+ Rc6 42. Rd1+ Nd4 43. Qxa7 Qf6 44. Bxd4 exd4 45. Rxd4+ Ke5 46. Rxa4 Qe7 47. Qd4# 1-0

[Event "Early-Titled-Tuesday-Blitz-May-28-2024"]
[Site "Chess.com"]
[Date "2024.05.28"]
[Round "10"]
[White "Nitzan_Steinberg"]
[Black "DanielNaroditsky"]
[Result "0-1"]
[WhiteElo "2902"]
[BlackElo "3070"]
[TimeControl "180+1"]
[EndTime "9:57:48 PDT"]
[Termination "DanielNaroditsky won on time"]

1. e4 e5 2. Nf3 Nc6 3. Bb5 a6 4. Ba4 d6 5. c3 Bd7 6. O-O Nf6 7. Re1 g6 8. d4 Bg7 9. h3 O-O 10. Nbd2 exd4 11. cxd4 Nb4 12. Bxd7 Qxd7 13. Qb3 a5 14. a3 Nc6 15. Qa4 Rfe8 16. Qc2 a4 17. Nf1 Na5 18. Bg5 Nb3 19. Rad1 Ra5 20. Ng3 h6 21. Bxf6 Bxf6 22. e5 Bg7 23. h4 Qc6 24. Qb1 dxe5 25. dxe5 Bxe5 26. Nxe5 Raxe5 27. Rxe5 Rxe5 28. h5 Qe6 29. Kh2 gxh5 30. Rd8+ Kg7 31. f3 h4 32. Ne4 f5 33. Qd1 fxe4 34. f4 Rc5 35.
Rd7+ Kf8 36. Rh7 Rd5 37. Qe1 Qf5 38. Rh8+ Kg7 39. Qc3+ Rd4 40. Re8 Qxf4+ 41. Kh1 Qc1+ 0-1

[Event "Early-Titled-Tuesday-Blitz-May-28-2024"]
[Site "Chess.com"]
[Date "2024.05.28"]
[Round "10"]
[White "David_ATM"]
[Black "LeoLV10"]
[Result "0-1"]
[WhiteElo "2438"]
[BlackElo "2564"]
[TimeControl "180+1"]
[EndTime "9:57:48 PDT"]
[Termination "LeoLV10 won on time"]

1. e4 c6 2. Nc3 d5 3. Nf3 Bg4 4. h3 Bxf3 5. Qxf3 e6 6. g3 h5 7. h4 g6 8. Bg2 Bg7 9. d3 Nd7 10. O-O Ne5 11. Qe2 Nf6 12. exd5 Nxd5 13. Nxd5 cxd5 14.
d4 Nc4 15. c3 O-O 16. b3 Nd6 17. Bf4 Rc8 18. Rac1 a6 19. c4 Nf5 20. cxd5 Rxc1 21. Rxc1 Nxd4 22. Qd2 exd5 23. Rd1 Re8 24. Be3 Nf5 25. Bg5 Qb6 26. Bxd5 Nxg3 27. Be3 Qc7 28. fxg3 Qxg3+ 29. Bg2 Rxe3 30. Qf2 Qe5 31. Rf1 f5 32. Qd2 Kh7 33. Qd5 Qg3 34. Qxb7 Qxh4 35. Rd1 Re7 36. Rd7 Bd4+ 0-1

[Event "Early-Titled-Tuesday-Blitz-May-28-2024"]
[Site "Chess.com"]
[Date "2024.05.28"]
[Round "10"]
[White "DenLaz"]
[Black "vi_pranav"]
[Result "1/2-1/2"]
[WhiteElo "3121"]
[BlackElo "3057"]
[TimeControl "180+1"]
[EndTime "9:57:49 PDT"]
[Termination "Game drawn by agreement"]

1. d4 Nf6 2. c4 e6 3. Nf3 b6 4.
g3 Ba6 5. b3 Bb7 6. Bg2 Bb4+ 7.
Bd2 a5 8. O-O O-O 9. Qc2 d6 10.
Bg5 a4 11. Nc3 axb3 12. axb3 Bxc3 13. Qxc3 Nbd7 14. Rxa8 Bxa8 15. Ra1 h6 16. Bc1 Be4 17. b4 Qb8 18. b5 c6 19. bxc6 Bxc6 20. Qb4 Rc8 21. Bd2 Ne4 22. Be1 b5 23. cxb5 Qxb5 24. Qxb5 Bxb5 25. e3 Ndf6 26. Nd2 Nxd2 27. Bxd2 Rc2 28.
Bb4 d5 29. h3 Bd3 30. Rd1 Be2 31. Rd2 Rc1+ 32. Kh2 Bc4 33. Rb2 Ne4 34. f3 Nc3 35. g4 Kh7 36. Kg3 Ne2+ 37. Kf2 Nc3 38. Bxc3 Rxc3 39. h4 1/2-1/2

[Event "Early-Titled-Tuesday-Blitz-May-28-2024"]
[Site "Chess.com"]
[Date "2024.05.28"]
[Round "10"]
[White "Witik"]
[Black "rasmussvane"]
[Result "1/2-1/2"]
[WhiteElo "2812"]
[BlackElo "2951"]
[TimeControl "180+1"]
[EndTime "9:57:49 PDT"]
[Termination "Game drawn by repetition"]

1. d4 Nf6 2. Nf3 d5 3. Bf4 e6 4.
e3 Bd6 5. Nbd2 O-O 6. Bd3 c5 7. c3 Bxf4 8. exf4 cxd4 9. cxd4 Qb6 10. Nb3 Bd7 11. O-O Ba4 12. Rc1 Nc6 13. Re1 Bxb3 14. axb3 Rac8 15. f5 Nxd4 16. Rxc8 Nxf3+ 17. Qxf3 Rxc8 18. fxe6 fxe6 19. g4 Rf8 20. Qg3 g6 21. h3 Qxb3 22. Rxe6 Qxb2 23. Qd6 Ne4 24. Bxe4 Qxf2+ 25. Kh1 dxe4 26. Rxg6+ hxg6 27. Qxg6+ Kh8 28. Qh6+ Kg8 29. Qg6+ Kh8 30. Qh6+ Kg8 31. Qg6+ 1/2-1/2

[Event "Early-Titled-Tuesday-Blitz-May-28-2024"]
[Site "Chess.com"]
[Date "2024.05.28"]
[Round "10"]
[White "littlepinkyboy"]
[Black "Fernando_Offermann"]
[Result "1-0"]
[WhiteElo "2627"]
[BlackElo "2482"]
[TimeControl "180+1"]
[EndTime "9:57:51 PDT"]
[Termination "littlepinkyboy won by checkmate"]

1. e4 c5 2. Nf3 d6 3. d4 cxd4 4. Nxd4 Nf6 5. Nc3 a6 6. Be3 e6 7.
f3 b5 8. Qd2 h5 9. O-O-O Bb7 10. Kb1 Nbd7 11. h3 b4 12. Na4 d5 13. exd5 Nxd5 14. Bd3 Qa5 15. b3 Rc8 16. Be4 Ne5 17.
Bxd5 Bxd5 18. Rhe1 Be7 19. Nf5 Nc6 20. Nxg7+ Kf8 21. Nf5 Bf6 22. Nd6 Rb8 23. Bh6+ Kg8 24. Bg5 Bg7 25. Qf4 e5 26. Qd2 Be6 27. Ne4 Nd4 28. Bf6 Bh6 29. Bg5 Bg7 30. Bf6 Rh7 31.
Bxg7 Rxg7 32. Nf6+ Kf8 33. Qh6 Qc7 34. Nxh5 Qxc2+ 35. Ka1 Bxb3 36. Qxg7+ Ke8 37. Qxe5+ Ne6 38. Qxb8+ Ke7 39.
Qd6+ Ke8 40. Qd8# 1-0

[Event "Early-Titled-Tuesday-Blitz-May-28-2024"]
[Site "Chess.com"]
[Date "2024.05.28"]
[Round "10"]
[White "chessdjw"]
[Black "Iskusnyh"]
[Result "1-0"]
[WhiteElo "2790"]
[BlackElo "2622"]
[TimeControl "180+1"]
[EndTime "9:57:53 PDT"]
[Termination "chessdjw won by resignation"]

1. e4 e6 2. d4 d5 3. Nc3 Nf6 4. e5 Nfd7 5. f4 c5 6. Nf3 Nc6 7. Be3 a6 8. a3 b5 9. Ne2 cxd4 10.
Nexd4 Nxd4 11. Nxd4 Bb7 12. Bd3 Be7 13. O-O g6 14. c3 Nc5 15. Bc2 h5 16. Qf3 Rc8 17. Rad1 Qc7 18. Kh1 Ne4 19. f5 gxf5 20. Nxf5 exf5 21.
Qxf5 Rf8 22. Bxe4 dxe4 23. e6 Qc4 24. exf7+ Rxf7 25. Qd7+ Kf8 26. Rxf7+ Kxf7 27. Qxb7 Rc6 28. Bg5 Re6 29. h4 e3 30. Qf3+ Ke8 31. Qxh5+ Kf8 32.
Qh8+ Kf7 33. Qh7+ Kf8 34. Bh6+ 1-0

[Event "Early-Titled-Tuesday-Blitz-May-28-2024"]
[Site "Chess.com"]
[Date "2024.05.28"]
[Round "10"]
[White "korbul"]
[Black "Preobrazhenska_D2011"]
[Result "1-0"]
[WhiteElo "2659"]
[BlackElo "2516"]
[TimeControl "180+1"]
[EndTime "9:57:55 PDT"]
[Termination "korbul won on time"]

1. d4 Nf6 2. Nf3 b6 3. Nc3 Bb7 4. Bg5 d5 5. e3 h6 6. Bh4 g5 7. Bg3 Bg7 8. Ne5 c6 9. h4 gxh4 10. Rxh4 Nbd7 11. Qf3 e6 12. O-O-O Nxe5 13. Bxe5 Rh7 14. g3 h5 15. Bd3 Rh6 16. Rdh1 Qe7 17. Rf4 O-O-O 18. Bxf6 Bxf6 19. Rxh5 Rdh8 20. Rxh6 Rxh6 21.
Ne2 c5 22. c3 cxd4 23. exd4 e5 24. dxe5 Bg5 25. Kc2 Bxf4 26. gxf4 Kb8 27. Nd4 Rh8 28. Qg4 Qe8 29. Bb5 Qd8 30. Qf5 Rf8 31. a4 a6 32. Bd3 Ka7 33. a5 b5 34. Nb3 Qe7 35. Nd4 Ka8 36. Qh7 Bc8 37. Qg7 Bd7 38. f5 Qd8 39. e6 Rg8 40. Qxf7 Bc8 41. e7 Qe8 42.
Qxd5+ Kb8 43. f6 Rh8 44. Qd6+ Ka8 45. Nc6 Bb7 46. Ne5 Qc8 47. f7 Rh2 48. e8=Q Rxf2+ 49. Kc1 1-0

[Event "Early-Titled-Tuesday-Blitz-May-28-2024"]
[Site "Chess.com"]
[Date "2024.05.28"]
[Round "10"]
[White "JoliyRoger"]
[Black "tusplingher"]
[Result "0-1"]
[WhiteElo "2455"]
[BlackElo "2588"]
[TimeControl "180+1"]
[EndTime "9:57:58 PDT"]
[Termination "tusplingher won on time"]

1. d4 Nf6 2. c4 c5 3. d5 b5 4.
cxb5 a6 5. e3 axb5 6. Bxb5 Qa5+ 7. Nc3 Bb7 8. Bd2 Qb6 9. Qb3 e6 10. e4 Nxe4 11. dxe6 fxe6 12. Nxe4 Bxe4 13. Nf3 Bd5 14.
Qd3 Nc6 15. a4 Bxf3 16. gxf3 Nd4 17. Rd1 Qb7 18. Be3 Nxf3+ 19. Ke2 Ne5 20. Qc3 Qe4 21. Rhg1 Be7 22. Rxg7 Bf6 23. Rgxd7 Qg4+ 24. Kf1 Nxd7 25. Bxd7+ Ke7 26. Qxc5+ Kf7 27. Bc6 Qxd1+ 28. Kg2 Rag8+ 29.
Kh3 Qf1+ 0-1

[Event "Early-Titled-Tuesday-Blitz-May-28-2024"]
[Site "Chess.com"]
[Date "2024.05.28"]
[Round "10"]
[White "Tol_Tol"]
[Black "aljado"]
[Result "1-0"]
[WhiteElo "2373"]
[BlackElo "2178"]
[TimeControl "180+1"]
[EndTime "9:57:58 PDT"]
[Termination "Tol_Tol won by resignation"]

1. d4 d5 2. c4 c6 3. Nf3 Nf6 4.
Nc3 e6 5. Qd3 Be7 6. a3 Nbd7 7.
e4 dxe4 8. Nxe4 Nxe4 9. Qxe4 Nf6 10. Qh4 c5 11. Bd3 cxd4 12. O-O O-O 13. Bg5 g6 14. Rad1 b6 15. Be4 Rb8 16. Rxd4 Nd5 17. cxd5 Bxg5 18. Nxg5 h5 19. Rfd1 e5 20. R4d2 Qf6 21. Qg3 Bg4 22. f3 Qxg5 23. fxg4 h4 24. Qf3 f5 25. gxf5 gxf5 26.
Bc2 e4 27. Qe2 h3 28. Kh1 e3 29. Rd4 f4 30. Rg1 Kh8 31. gxh3 Qe5 32. Qd3 Rb7 33. Qg6 Qf6 34. Qh5+ 1-0

[Event "Early-Titled-Tuesday-Blitz-May-28-2024"]
[Site "Chess.com"]
[Date "2024.05.28"]
[Round "10"]
[White "PowerThinking2650"]
[Black "HighLawView"]
[Result "1-0"]
[WhiteElo "2509"]
[BlackElo "2052"]
[TimeControl "180+1"]
[EndTime "9:58:00 PDT"]
[Termination "PowerThinking2650 won by checkmate"]

1. e4 e5 2. Nf3 Nf6 3. Nc3 Bc5 4. Bc4 Nc6 5. d3 d6 6. h3 Be6 7. Bb3 h6 8. Be3 O-O 9. Qd2 a5 10. g4 Nd4 11. Bxd4 exd4 12. Ne2 d5 13. e5 Nd7 14. a4 f5 15. Nfxd4 Nxe5 16. O-O-O Qd7 17. Nxe6 Qxe6 18.
Nf4 Qb6 19. Nxd5 Qa7 20. d4 Nf3 21. Qd3 Nxd4 22. Nxc7+ Kh8 23. Nxa8 Qxa8 24. Rhe1 Qc8 25. Bc4 fxg4 26. hxg4 Qxg4 27. c3 Qf4+ 28. Kb1 Nf3 29. Re4 Qf5 30. Qd5 Bxf2 31. Qxf5 Rxf5 32. Re8+ Kh7 33.
Bd3 g6 34. Re7+ Kg8 35. Bxf5 Kf8 36. Rxb7 gxf5 37. Rd8# 1-0

[Event "Early-Titled-Tuesday-Blitz-May-28-2024"]
[Site "Chess.com"]
[Date "2024.05.28"]
[Round "10"]
[White "BogdanDeac"]
[Black "alexrustemov"]
[Result "0-1"]
[WhiteElo "3100"]
[BlackElo "2849"]
[TimeControl "180+1"]
[EndTime "9:58:01 PDT"]
[Termination "alexrustemov won by resignation"]

1. d4 d5 2. Bf4 Nf6 3. e3 c5 4. c3 Nc6 5. Nd2 Bg4 6. Qb3 Qc8 7. dxc5 e6 8. Bd6 Bxd6 9. cxd6 O-O 10. Ngf3 Qd7 11.
Qa3 Rfd8 12. Bb5 Bxf3 13. Nxf3 Qxd6 14. Qxd6 Rxd6 15. O-O-O Ne4 16. Rhf1 Rad8 17. Bd3 f5 18. Nd4 Ne5 19. Be2 a6 20. f3 Nf6 21. a4 Kf7 22. h4 g6 23. b3 Ke7 24. Kb2 R6d7 25.
g3 Rc7 26. Rc1 Rdc8 27. Rc2 Nfd7 28. g4 Nc5 29. Rd1 fxg4 30. f4 Nc6 31. Bxg4 Nxd4 32.
Rxd4 Ne4 33. c4 b5 34. axb5 axb5 35. Be2 Nd6 36. h5 bxc4 37. bxc4 gxh5 38. Rc1 Nxc4+ 39.
Bxc4 Rxc4 40. Rdxc4 Rxc4 41. Rh1 Re4 42. Rh3 Kf6 43. Kc3 Kf5 44. Rxh5+ Kg4 45. Rg5+ Kf3 46. Rg7 Rxe3+ 47. Kd2 Re4 48. Rxh7 Kxf4 49. Re7 Ke5 0-1

[Event "Early-Titled-Tuesday-Blitz-May-28-2024"]
[Site "Chess.com"]
[Date "2024.05.28"]
[Round "10"]
[White "Semetey"]
[Black "IMRosen"]
[Result "1-0"]
[WhiteElo "2549"]
[BlackElo "2709"]
[TimeControl "180+1"]
[EndTime "9:58:01 PDT"]
[Termination "Semetey won by checkmate"]

1. Nc3 d5 2. e4 d4 3. Nce2 e5 4.
Nf3 f6 5. Ng3 Be6 6. c3 c5 7.
Bb5+ Nd7 8. cxd4 cxd4 9. O-O h5 10. Nh4 Bf7 11. d3 Bd6 12. Nhf5 Bf8 13. f4 g6 14.
fxe5 gxf5 15. Rxf5 a6 16. Bxd7+ Qxd7 17. exf6 O-O-O 18. Bf4 Bd6 19. Rc1+ Kb8 20. e5 Be6 21. Rg5 Nxf6 22.
exd6 Nd5 23. Be5 Ne3 24. Qe2 Bg4 25. Qd2 Rhg8 26. Rxg8 Rxg8 27. Bxd4 Nf5 28. Be5 h4 29. Nxf5 Qxf5 30. d4 Bf3 31. g3 hxg3 32. Bxg3 Bd5 33.
Qe3 Bc6 34. d7+ Ka7 35. d5+ Ka8 36. dxc6 bxc6 37. Qe8+ Kb7 38. Qxg8 Kb6 39. d8=Q+ Kb5 40. Qc4# 1-0

[Event "Early-Titled-Tuesday-Blitz-May-28-2024"]
[Site "Chess.com"]
[Date "2024.05.28"]
[Round "10"]
[White "Ramosha"]
[Black "Eloist"]
[Result "1-0"]
[WhiteElo "2557"]
[BlackElo "2433"]
[TimeControl "180+1"]
[EndTime "9:58:02 PDT"]
[Termination "Ramosha won by checkmate"]

1. d4 e6 2. e4 d5 3. exd5 exd5 4. Nf3 Bf5 5. Bd3 Bxd3 6. Qxd3 Nc6 7. c3 Bd6 8. Bg5 Nge7 9. Nbd2 Qd7 10. O-O-O Qf5 11. Qb5 O-O-O 12. Rhe1 f6 13. Be3 g5 14. h3 h5 15. Nb3 g4 16. hxg4 hxg4 17. Nfd2 Rh2 18.
g3 Qg6 19. Na1 Nf5 20. Nc2 Nxe3 21. Nxe3 Rxf2 22. Qxd5 Bxg3 23. Rg1 Bf4 24. Qe6+ Kb8 25. Rxg4 Qd3 26. Nec4 a6 27. a4 Nxd4 28. cxd4 Rxd4 29. Rxf4 Rfxf4 30. Qe8+ Ka7 31. Qe3 Qxe3 32. Nxe3 Rf2 33. b3 f5 34. Nc2 Rd3 35. Ne1 Re3 36. Nc2 Rd3 37. Ne1 Re3 38. a5 f4 39. Nc2 Rd3 40.
Ne1 Re3 41. Nc2 Ree2 42. Nd4 Re3 43. Nc4 Rc3+ 44. Kb1 f3 45. Rc1 Rxc1+ 46. Kxc1 Rf1+ 47. Kd2 b5 48. Ne3 Ra1 49. b4 f2 50. Ke2 Rb1 51.
Kxf2 Rxb4 52. Nc6+ Kb7 53. Nxb4 c5 54. Nd3 Kc6 55.
Ke2 b4 56. Nc4 Kb5 57. Ndb2 b3 58. Kd2 Kb4 59. Kd3 Kb5 60. Kc3 Kc6 61. Kxb3 Kb5 62. Na4 Kc6 63. Nc3 Kc7 64. Kc2 Kc6 65. Kd3 Kc7 66. Ke4 Kc6 67. Ke5 Kc7 68. Kd5 Kb7 69. Kxc5 Kc7 70. Nd2 Kb7 71. Kd6 Kb8 72. Kc6 Ka7 73.
Kc7 Ka8 74. Nde4 Ka7 75. Nd6 Ka8 76. Kb6 Kb8 77. Kxa6 Ka8 78. Kb6 Kb8 79. a6 Ka8 80. Ncb5 Kb8 81. a7+ Ka8 82. Nc7# 1-0

[Event "Early-Titled-Tuesday-Blitz-May-28-2024"]
[Site "Chess.com"]
[Date "2024.05.28"]
[Round "10"]
[White "SharapovEvgeny"]
[Black "mortngabriel"]
[Result "0-1"]
[WhiteElo "2604"]
[BlackElo "2495"]
[TimeControl "180+1"]
[EndTime "9:58:05 PDT"]
[Termination "mortngabriel won by resignation"]

1. e4 e5 2. Nf3 Nc6 3. Bb5 a6 4. Ba4 Nf6 5. d3 d6 6. O-O g6 7. c3 Bg7 8. Re1 O-O 9. Nbd2 b5 10. Bb3 Qe7 11. Nf1 Be6 12. Bg5 h6 13. Bxf6 Bxf6 14. Ne3 Bg7 15. Nd5 Qd8 16. d4 Ne7 17.
dxe5 dxe5 18. Nxe7+ Qxe7 19. Bxe6 Qxe6 20. Qb3 Qe7 21.
Rad1 Rfd8 22. Rxd8+ Rxd8 23. Rd1 Rd6 24. h3 Qd7 25.
Rxd6 Qxd6 26. Qd5 Qxd5 27. exd5 e4 28. Nd2 f5 29. Nb3 Bf8 30. Nd4 Kf7 31. Ne6 Bd6 32.
Kf1 Kf6 33. b3 c6 34. c4 bxc4 35. bxc4 cxd5 36. cxd5 Ke5 37. Ke2 Kxd5 38. Nd8 Be7 39. Nf7 h5 40. Nh8 g5 41. Ng6 Bf6 42. h4 gxh4 43.
Nf4+ Kc4 44. Nxh5 Be5 45. Kd2 a5 46. Kc2 a4 47. Kd2 Kb4 48. Kc2 Ka3 49. Kb1 f4 50. Kc2 Kxa2 51. f3 exf3 52. gxf3 h3 0-1

[Event "Early-Titled-Tuesday-Blitz-May-28-2024"]
[Site "Chess.com"]
[Date "2024.05.28"]
[Round "10"]
[White "jens1102"]
[Black "mbojan"]
[Result "1-0"]
[WhiteElo "2751"]
[BlackElo "2901"]
[TimeControl "180+1"]
[EndTime "9:58:06 PDT"]
[Termination "jens1102 won on time"]

1. d4 a6 2. e4 e6 3. Nf3 d5 4. Nc3 Bb4 5. e5 Bd7 6. Bd3 Bb5 7. O-O Bxd3 8. Qxd3 Bxc3 9. bxc3 Nd7 10.
c4 dxc4 11. Qxc4 Nb6 12. Qd3 Ne7 13. c4 c5 14. Ba3 cxd4 15. Bd6 Nf5 16. c5 Nd5 17.
Nxd4 Nxd6 18. cxd6 O-O 19. Rac1 Rc8 20. Rxc8 Qxc8 21.
Nf5 Qd8 22. Ne3 Nxe3 23. Qxe3 Qa5 24. Rd1 h6 25. Qd4 Rd8 26. a4 Rd7 27. Rc1 Rd8 28. g3 b5 29. axb5 Qxb5 30. Rc7 a5 31. Ra7 g6 32. h4 h5 33. Qf4 Rf8 34. Re7 Qb1+ 35. Kg2 Qb5 36. d7 Qd5+ 37. Kh2 Qd1 38. Qf6 a4 39. Rxf7 Rxf7 40. d8=Q+ Qxd8 41. Qxd8+ Kg7 42. Qd4 a3 43. Kg2 1-0

[Event "Early-Titled-Tuesday-Blitz-May-28-2024"]
[Site "Chess.com"]
[Date "2024.05.28"]
[Round "10"]
[White "subham777"]
[Black "GothamChess"]
[Result "0-1"]
[WhiteElo "2582"]
[BlackElo "2789"]
[TimeControl "180+1"]
[EndTime "9:58:07 PDT"]
[Termination "GothamChess won by resignation"]

1. e4 d5 2. exd5 Qxd5 3. Nc3 Qa5 4. d4 Nf6 5. Nf3 Bf5 6. Bd3 Bxd3 7. Qxd3 e6 8. O-O c6 9. Bf4 Qa6 10. Qe3 Be7 11. Ne5 O-O 12. Rfe1 Nbd7 13. Nxd7 Nxd7 14. Ne4 Qb5 15. b3 Nf6 16. c4 Qf5 17. Ng3 Qg6 18. Rad1 a5 19. a4 Bb4 20. Re2 Rad8 21. Be5 Ng4 22.
Qe4 Nxe5 23. Qxe5 Rd7 24. Ne4 Rfd8 25. h4 Qg4 26. Ng3 Rxd4 27. Rxd4 Qxd4 28. Qg5 h6 29. Qh5 Qf4 30. Qf3 Qxf3 31. gxf3 Rd3 32. Kg2 Rxb3 33.
Ne4 Ra3 34. h5 f5 35. Ng3 Kf7 36. Nf1 Rxa4 37. Re3 Ra2 38. Rd3 Bc5 39. Rd7+ Kf6 40. Rxb7 Rxf2+ 0-1

[Event "Early-Titled-Tuesday-Blitz-May-28-2024"]
[Site "Chess.com"]
[Date "2024.05.28"]
[Round "10"]
[White "DeyanKostov"]
[Black "Shuvalov"]
[Result "1-0"]
[WhiteElo "2461"]
[BlackElo "2550"]
[TimeControl "180+1"]
[EndTime "9:58:07 PDT"]
[Termination "DeyanKostov won by resignation"]

1. d4 Nf6 2. c4 g6 3. Nc3 d5 4.
cxd5 Nxd5 5. e4 Nxc3 6. bxc3 Bg7 7. Bc4 c5 8. Ne2 O-O 9. O-O Nc6 10. Be3 Bg4 11. f3 Na5 12. Bd3 cxd4 13. cxd4 Be6 14. d5 Bxa1 15. Qxa1 f6 16. Rd1 Bd7 17. e5 Rc8 18.
exf6 exf6 19. Nf4 Nc4 20. Bd4 Ne5 21. Be4 Qe7 22. h4 Qd6 23. Ne2 b6 24. h5 Kg7 25.
Re1 Rc4 26. f4 Ng4 27. Bd3 Rc7 28. Nc3 Re8 29. Rxe8 Bxe8 30. g3 Bf7 31. Ne4 Qxd5 32. Nxf6 Rc1+ 33. Bf1 Rxf1+ 34. Kxf1 Qh1+ 35. Ke2 Bc4+ 36. Kd2 Qg2+ 37. Kc3 Qc6 38. Nxg4+ Kg8 39. Ne5 Qa4 40.
Nxc4 gxh5 41. Qe1 1-0

[Event "Early-Titled-Tuesday-Blitz-May-28-2024"]
[Site "Chess.com"]
[Date "2024.05.28"]
[Round "10"]
[White "Lennis93"]
[Black "maximnovik"]
[Result "1-0"]
[WhiteElo "2781"]
[BlackElo "2552"]
[TimeControl "180+1"]
[EndTime "9:58:09 PDT"]
[Termination "Lennis93 won by resignation"]

1. d4 Nf6 2. Nf3 g6 3. c3 Bg7 4. g3 d5 5. Bg2 O-O 6. O-O c6 7. Nbd2 Bf5 8. Nh4 Be6 9. e4 dxe4 10. Nxe4 Nxe4 11. Bxe4 Nd7 12. Bg2 Nf6 13. a4 Bd5 14.
Nf3 a5 15. Re1 e6 16. b3 Qb6 17. Rb1 Rad8 18. Ba3 Rfe8 19. Qc2 Bxf3 20. Bxf3 Nd5 21. Re2 Bf8 22. Bb2 c5 23. dxc5 Bxc5 24. Rd1 Ne7 25. Red2 Nf5 26. h4 Nxg3 27. b4 Rxd2 28.
Qxd2 Be7 29. bxa5 Qc5 30. Bxb7 Nf5 31. a6 Bxh4 32. Qe2 Bf6 33. Qb5 Qe7 34. a7 Kg7 35. a8=Q Rxa8 36. Bxa8 Qc7 37. Bc1 Qxc3 38. Bg2 Qc2 39. Re1 Bc3 40. Rf1 Bd4 41. Bf4 h6 42. Be5+ Bxe5 43. Qxe5+ Kh7 44. a5 Qa2 45. Qc7 Kg7 46. Re1 g5 47. Qc3+ Kg8 48. Ra1 Qe2 49. a6 Nh4 50. a7 Qg4 51. a8=Q+ Kh7 52. Qe4+ Qxe4 53. Bxe4+ 1-0

[Event "Early-Titled-Tuesday-Blitz-May-28-2024"]
[Site "Chess.com"]
[Date "2024.05.28"]
[Round "10"]
[White "Thjop"]
[Black "DvaHrasta"]
[Result "1-0"]
[WhiteElo "2644"]
[BlackElo "2459"]
[TimeControl "180+1"]
[EndTime "9:58:11 PDT"]
[Termination "Thjop won by checkmate"]

1. e4 c6 2. d4 d5 3. e5 c5 4. dxc5 e6 5. a3 Bxc5 6. Bd3 Nc6 7. Nf3 a5 8. O-O Nge7 9. Re1 Ng6 10. Qe2 O-O 11.
Nc3 Nd4 12. Nxd4 Bxd4 13. Nb5 Bc5 14. Bd2 Bd7 15. Be3 Bxe3 16. Qxe3 Bxb5 17. Bxb5 Qc7 18. Bd3 a4 19. g3 Rfd8 20. h4 d4 21. Qg5 Ra5 22.
f4 h6 23. Qg4 Ne7 24. Re2 Qb6 25. Rb1 Nd5 26. Qf3 Ne3 27. Qe4 Kf8 28. h5 Rc5 29. Kh2 f5 30. exf6 Rxh5+ 31. Kg1 Nf5 32. fxg7+ Kxg7 33. g4 Ng3 34. Qg6+ Kf8 35. Rxe6 Qc5 36.
Qf6+ Kg8 37. Qxd8+ Kf7 38. Qd7+ Kf8 39. Re8# 1-0

[Event "Early-Titled-Tuesday-Blitz-May-28-2024"]
[Site "Chess.com"]
[Date "2024.05.28"]
[Round "10"]
[White "DishonorOnYourCow"]
[Black "ab-lsv"]
[Result "1-0"]
[WhiteElo "2590"]
[BlackElo "2376"]
[TimeControl "180+1"]
[EndTime "9:58:11 PDT"]
[Termination "DishonorOnYourCow won by checkmate"]

1. d4 d5 2. c4 c6 3. Nf3 Nf6 4. e3 Bf5 5. Nc3 e6 6. Nh4 Be4 7. f3 Bg6 8. Qb3 Qc7 9. Bd2 a5 10. c5 Nbd7 11. Nxg6 hxg6 12. f4 Be7 13. Be2 g5 14.
O-O-O gxf4 15. exf4 g6 16. g4 Rh3 17. Qc2 a4 18. f5 gxf5 19. gxf5 exf5 20. Qxf5 a3 21. Qxh3 axb2+ 22. Kb1 Qa5 23. Bg4 Nf8 24. Rhe1 Ne4 25.
a4 Nxc3+ 26. Qxc3 Qxa4 27. Qxb2 Kd8 28. Rxe7 Kxe7 29. Re1+ Kf6 30. Bf4 Ng6 31. Be5+ Nxe5 32.
dxe5+ Kg5 33. Bd1 Qc4 34. Rg1+ Kf5 35. Bg4+ Ke4 36. Re1+ Kf4 37. Qf2+ Kxg4 38. Rg1+ Kh5 39. Qf5+ Kh4 40. Qg5+ Kh3 41. Qg3# 1-0

[Event "Early-Titled-Tuesday-Blitz-May-28-2024"]
[Site "Chess.com"]
[Date "2024.05.28"]
[Round "10"]
[White "N_I_Chess"]
[Black "abelmat"]
[Result "1-0"]
[WhiteElo "2229"]
[BlackElo "2056"]
[TimeControl "180+1"]
[EndTime "9:58:11 PDT"]
[Termination "N_I_Chess won by checkmate"]

1. d4 d5 2. c4 e6 3. Nc3 Be7 4. cxd5 exd5 5. Qc2 Nf6 6. Bg5 O-O 7. e3 h6 8. Bh4 c6 9. Bd3 Nbd7 10. Nge2 Re8 11. O-O Nf8 12. f3 Qb6 13. Kh1 a5 14. e4 dxe4 15.
fxe4 Qc7 16. e5 N6d7 17. Bc4 Ne6 18. Qf5 Nxe5 19. dxe5 Bxh4 20. Qe4 Bg5 21. h4 Nc5 22. Qd4 Be7 23. Bxf7+ Kh8 24. Bxe8 Be6 25. Bf7 Rd8 26.
Qe3 Bxh4 27. Bxe6 Nxe6 28. Nf4 Ng5 29. Ng6+ Kh7 30. Nxh4 Re8 31. Rae1 Kg8 32. e6 Qe7 33. Nf5 Qf6 34. Nd6 Qg6 35. Kg1 Qh5 36. Nf5 Rxe6 37. Qg3 Rxe1 38. Rxe1 Qf7 39. Qe5 Qc4 40. Qxg7# 1-0

[Event "Early-Titled-Tuesday-Blitz-May-28-2024"]
[Site "Chess.com"]
[Date "2024.05.28"]
[Round "10"]
[White "lamomiajunior"]
[Black "Rsnr"]
[Result "1-0"]
[WhiteElo "2742"]
[BlackElo "2881"]
[TimeControl "180+1"]
[EndTime "9:58:12 PDT"]
[Termination "lamomiajunior won by checkmate"]

1. d4 d5 2. Nc3 Nf6 3. Bf4 e6 4. Nb5 Na6 5. e3 Be7 6. Nf3 O-O 7. h4 c6 8. Nc3 Qb6 9. a3 c5 10.
Rb1 Bd7 11. Bd3 Rfd8 12. h5 Be8 13. h6 g6 14. Ne5 cxd4 15. exd4 Qxd4 16. Qf3 Nc5 17.
Rd1 Nxd3+ 18. Rxd3 Qc5 19. b4 Qd6 20. Nxg6 hxg6 21.
Bxd6 Rxd6 22. Qg3 Kh7 23. Rf3 e5 24. Kd1 Re6 25. Kc1 e4 26. Rxf6 Bxf6 27. Nxd5 Be5 28.
Qe3 Bc6 29. Nf4 Rd6 30. Ne2 Rad8 31. Qc5 Rd5 32. Qe7 R8d7 33. Qf8 Rd2 34. Re1 Bf6 35. Ng3 Rxf2 36. Kb1 Ba4 37. Rc1 e3 38. Ne4 Bd4 39. Ng5# 1-0

[Event "Early-Titled-Tuesday-Blitz-May-28-2024"]
[Site "Chess.com"]
[Date "2024.05.28"]
[Round "10"]
[White "Zq1"]
[Black "Naruto75_3"]
[Result "0-1"]
[WhiteElo "2520"]
[BlackElo "2421"]
[TimeControl "180+1"]
[EndTime "9:58:12 PDT"]
[Termination "Naruto75_3 won by resignation"]

1. d4 d5 2. c4 c6 3. e3 Nf6 4. Nc3 e6 5. Nf3 Nbd7 6. Bd2 Bd6 7. Bd3 dxc4 8. Bxc4 b5 9. Bb3 Bb7 10. O-O O-O 11. e4 e5 12. Bg5 h6 13. Bh4 Qc7 14. d5 b4 15. dxc6 Bxc6 16. Nd5 Bxd5 17. Bxd5 Rad8 18. Rc1 Qb8 19. Qb3 Be7 20. Bg3 Bd6 21. Rc6 Nc5 22. Qc4 Nxd5 23. Qxd5 Be7 24. Qc4 Nd3 25. Qc2 Qb5 26. Rc4 Nxb2 27. Rc7 Bd6 28. Rxa7 Nc4 29. Rc1 Rc8 30. h4 Qb6 31. Ra4 Rc7 32.
Qe2 Rfc8 33. h5 Qb5 34. Qd1 Nb2 35. Rxc7 Bxc7 36. Rxb4 Qxb4 37. Qd7 Qf8 38. Qb5 Rb8 39. Qc6 Qd6 40. Qc2 Qd1+ 41. Qxd1 Nxd1 42. Bxe5 Bxe5 43. Nxe5 Rb1 44. Kh2 Nxf2 0-1

[Event "Early-Titled-Tuesday-Blitz-May-28-2024"]
[Site "Chess.com"]
[Date "2024.05.28"]
[Round "10"]
[White "sammartin99"]
[Black "ArchibaldCerveza29"]
[Result "0-1"]
[WhiteElo "2286"]
[BlackElo "2363"]
[TimeControl "180+1"]
[EndTime "9:58:13 PDT"]
[Termination "ArchibaldCerveza29 won on time"]

1. d4 d5 2. c4 e6 3. Nc3 Nf6 4. cxd5 exd5 5. Bg5 c6 6. e3 h6 7. Bh4 Bd6 8. Bd3 O-O 9. Qc2 Re8 10. Nge2 a5 11.
Bg3 Na6 12. a3 Nc7 13. O-O Ne6 14. Rfd1 Ng5 15. Bxd6 Qxd6 16. Ng3 h5 17. e4 dxe4 18. Ncxe4 Ngxe4 19. Nxe4 Qxd4 20. Nd6 Qe5 21. Nxe8 Ng4 22.
g3 Qxe8 23. Bf5 Bxf5 24. Qxf5 g6 25. Qf4 Qe2 26. Rab1 Re8 27. Rd2 Qb5 28. Rbd1 Ne5 29. Kg2 Re6 30. Rd8+ Kg7 31. Re1 Qxb2 32. Rd2 Qxa3 33. Rde2 f6 34. h3 Qe7 35. Qd4 b5 36. Qd2 Qf7 37. Qd4 c5 38. Qxc5 Rc6 39. Qd4 Rc4 40.
Qd2 Qb7+ 0-1